Map: Lock & Load

Players

monk

  • Race: Terran Terran
  • Spawn Location: 7:00

DrSeRRoD

  • Race: Terran Terran
  • Spawn Location: 6:00

VOD

Have the link to the VOD?

Description

Time

  • Played on: Aug. 26, 2017, 8:12 p.m.
  • Length: 19:51
Show
View Real Time Build Order
Export as new Build Order

monk Terran 

Build Orders:  

Get SALT Encoding   

  12  0:04  SCV  
  13  0:21  SCV  
  13  0:25  Refinery  
  14  0:38  SCV  
  15  0:49  Refinery  
  15  0:55  SCV  
  16  1:12  SCV  
  17  1:29  SCV  
  18  1:45  Command Center  
  18  1:51  SCV  
  19  2:07  SCV  
  20  2:18  Barracks  
  20  2:24  SCV  
  21  2:41  SCV  
  22  2:58  SCV  
  23  3:26  Factory  
  25  3:32  Elite Marine  
  25  3:39  SCV x2  
  29  3:56  SCV x2  
  31  4:01  Refinery  
  31  4:12  SCV  
  31  4:14  Engineering Bay  
  31  4:16  SCV  
  33  4:28  Refinery  
  33  4:29  SCV  
  34  4:34  SCV  
  35  4:46  SCV  
  35  4:48  Starport  
  36  4:51  Terran Infantry Weapons Level 1  
  36  4:59  SCV  
  37  5:03  SCV  
  38  5:16  SCV  
  39  5:20  SCV  
  39  5:23  Barracks Tech Lab  
  39  5:24  Factory Tech Lab  
  40  5:49  SCV x2  
  42  6:01  Starport Tech Lab  
  42  6:06  SCV  
  42  6:08  Super Stimpack  
  43  6:12  Factory Tech Lab  
  43  6:13  SCV  
  43  6:18  Raven Type-II  
  46  6:23  SCV  
  47  6:35  Railgun Turret  
  47  6:44  Raid Liberator  
  47  6:46  SCV  
  54  6:53  Armory, Laser Targeting System  
  54  6:58  SCV  
  55  7:03  SCV  
  55  7:08  Raid Artillery  
  56  7:11  Ares-Class Targeting System  
  56  7:15  SCV  
  57  7:26  Jump Jet Assault  
  57  7:36  Railgun Turret  
  57  7:38  Covert Triage, Strike Goliath  
  63  7:44  Defensive Drone  
  63  8:00  Terran Vehicle and Ship Weapons Level 1  
  63  8:24  Terran Infantry Weapons Level 2  
  63  8:28  Elite Marine  
  63  8:29  Defensive Drone  
  67  9:04  Hellbat Rangers  
  67  9:07  Defensive Drone  
  71  9:15  Railgun Turret  
  71  9:17  Railgun Turret  
  71  9:26  Smart Servos  
  71  9:44  Defensive Drone  
  71  9:54  Lockdown Missiles  
  69  10:00  Railgun Turret  
  69  10:11  Enhanced Manufacturing  
  69  10:24  Strike Goliath  
  75  11:07  Defensive Drone  
  75  11:08  Hellbat Rangers  
  79  11:19  Railgun Turret  
  74  12:05  Raven Type-II  
  76  12:17  Raid Liberator  
  82  12:43  Railgun Turret  
  82  12:44  Railgun Turret x3  
  82  12:46  Terran Infantry Weapons Level 3  
  82  12:49  SCV x2  
  84  12:53  Railgun Turret  
  84  12:54  Railgun Turret  
  84  12:56  Railgun Turret  
  84  13:06  SCV x2  
  86  13:20  Railgun Turret  
  86  13:25  Railgun Turret  
  86  13:40  Elite Marine  
  86  13:47  Railgun Turret  
  90  13:51  Railgun Turret  
  90  13:54  Railgun Turret  
  90  14:07  Railgun Turret  
  90  14:08  Railgun Turret  
  90  14:19  Railgun Turret  
  90  14:22  Railgun Turret  
  88  14:41  Griffin Airstrike  
  86  14:59  Terran Vehicle and Ship Weapons Level 2  
  86  15:06  Railgun Turret  
  86  15:07  Railgun Turret  
  86  15:29  Defensive Drone x2  
  86  15:31  Railgun Turret  
  86  15:32  Railgun Turret x2  
  86  15:37  Railgun Turret  
  86  15:38  Railgun Turret  
  86  15:44  Railgun Turret  
  85  15:56  Hellbat Rangers  
  88  16:08  Defensive Drone  
  88  16:10  Griffin Airstrike  
  88  16:17  Railgun Turret  
  88  16:18  Railgun Turret  
  88  16:20  Raven Type-II  
  88  16:22  Raid Liberator  
  88  16:26  Terran Infantry Armor Level 1  
  96  17:30  Griffin Airstrike  
  92  17:40  Strike Goliath  
  98  17:56  Railgun Turret x3  
  98  17:57  Railgun Turret  
  98  18:02  SCV  
  99  18:12  Railgun Turret  
  99  18:13  Railgun Turret x2  
  99  18:20  Railgun Turret  
  99  18:21  Railgun Turret  
  97  18:53  Griffin Airstrike  
  97  19:15  Tactical Airlift  
Show
View Real Time Build Order
Export as new Build Order

DrSeRRoD Terran 

Build Orders:  

Get SALT Encoding   

  12  0:16  SCV  
  12  0:33  SCV  
  13  0:58  SCV  
  14  1:20  SCV  
  15  13:34  SCV  
  15  18:43  SCV  
Tags
 
Commander
NovaRaynor
Matchup
Co-op
Replay Pack
Co-op Speedrun
Add a new tag
Caveats
  • Supply blocks, unpowered buildings, or Contaminate may cause inaccurate times.
  • Supply counts are checked every 10 seconds.